Barracuda vs Moose
(R1)
Created - November 18, 2022 at 15:00
Goals
|
Barracuda |
1 |
2 |
1 |
4 |
Moose |
1 |
1 |
0 |
2 |
|
Shots
|
Barracuda |
12 |
9 |
14 |
35 |
Moose |
14 |
14 |
4 |
32 |
|
1st period
1. Moose , Nathan Walker 4 (Roope Hintz 7, Mirco Mueller 3) at 16:52 (PP)
2. Barracuda , William Carrier 1 (Emil Pettersson 5) at 19:14 (PP)
Penalties :
Jordan Gross (S.J) for Tripping (Minor) at 11:47, Nelson Nogier (Man) for Hooking (Minor) at 14:02, Jordan Gross (S.J) for Hooking (Minor) at 16:37, Matthew Benning (Man) for Tripping (Minor) at 19:12
2nd period
3. Barracuda , Noah Gregor 3 (Drew O'Connor 2, Mario Lucia 4) at 1:26
4. Barracuda , William Carrier 2 (Brandon Kozun 5, Emil Pettersson 6) at 7:26
5. Moose , Christian Dvorak 5 (Roman Josi 1, Dominik Kahun 2) at 12:47 (PP)
Penalties :
Dylan Strome (Man) for Hooking (Minor) at 7:29, Logan Stanley (S.J) for Tripping (Minor) at 12:10, Jordan Gross (S.J) for Close Hand On Puck (Minor) at 17:02
3rd period
6. Barracuda , Justin Shugg 3 (Cole Ully 4, Theodor Blueger 2) at 2:50 (PP)
Penalties :
Nelson Nogier (Man) for Hooking (Minor) at 2:15, Samuel Groulx (S.J) for Hooking (Minor) at 8:41, Roman Josi (Man) for Tripping (Minor) at 11:31, Samuel Groulx (S.J) for Hooking (Minor) at 19:16
Goalie Stats
Joacim Eriksson (S.J), 30 saves from 32 shots - (0.938), W, 2-1-2, 60:00 minutes
Brandon Halverson (Man), 31 saves from 35 shots - (0.886), L, 3-3-0, 60:00 minutes
Players Stats for Barracuda
Player Name G A P +/- PIM S H SB GA TA FO MP PP MP PK MP
------------------------------------------------------------------------------------
Alex Henriksson 0 0 0 0 0 1 1 0 1 1 0/0 12:05 0:11 1:38
Brandon Kozun 0 1 1 1 0 3 3 1 1 1 1/2 18:11 3:42 0:00
Chris Wagner 0 0 0 0 0 5 0 0 0 0 0/0 9:38 0:00 0:00
Cole Ully 0 1 1 0 0 3 1 1 0 0 1/1 18:10 2:48 2:21
Drew O'Connor 0 1 1 1 0 1 3 0 1 0 1/1 8:21 0:00 0:00
Emil Pettersson 0 2 2 1 0 3 1 0 0 0 14/32 22:03 3:35 4:12
Eric Gustafsson 0 0 0 0 0 2 2 1 0 0 0/0 27:04 4:37 4:11
Jerome Gauthier-Leduc 0 0 0 1 0 0 0 0 0 0 0/0 12:45 0:00 0:57
Jordan Gross 0 0 0 1 6 0 0 0 0 0 0/0 12:41 0:00 0:00
Justin Shugg 1 0 1 0 0 2 2 0 1 0 0/2 15:58 2:52 0:00
Kyle Platzer 0 0 0 0 0 0 0 0 0 0 0/3 11:20 0:11 0:59
Logan Stanley 0 0 0 1 2 2 2 1 1 0 0/0 20:45 1:57 3:42
Mario Lucia 0 1 1 1 0 2 0 0 2 0 0/1 8:21 0:00 0:00
Noah Gregor 1 0 1 1 0 3 2 1 1 0 2/3 8:21 0:00 0:00
Robin Norell 0 0 0 1 0 0 1 0 0 1 0/0 20:23 1:57 3:21
Samuel Groulx 0 0 0 0 4 2 1 2 0 1 0/0 26:29 4:37 2:53
Theodor Blueger 0 1 1 0 0 3 1 0 1 0 8/10 17:46 2:48 1:44
William Carrier 2 0 2 1 0 3 3 0 0 0 1/1 22:01 3:35 4:10
Players Stats for Moose
Player Name G A P +/- PIM S H SB GA TA FO MP PP MP PK MP
------------------------------------------------------------------------------------
C.J. Smith 0 0 0 -1 0 0 1 0 0 0 0/0 7:05 0:00 0:00
Chase De Leo 0 0 0 -1 0 1 1 0 0 0 1/2 8:01 0:00 0:55
Christian Dvorak 1 0 1 0 0 3 0 1 0 0 0/0 19:14 3:02 2:21
Dominik Kahun 0 1 1 0 0 3 1 0 0 0 2/7 16:43 3:02 0:00
Dylan Strome 0 0 0 -1 2 1 0 0 0 1 15/28 19:15 4:22 0:00
Josh Mahura 0 0 0 -1 0 0 0 0 2 0 0/0 15:04 0:00 1:02
Julien Gauthier 0 0 0 0 0 0 1 0 0 0 0/0 9:58 0:08 0:00
Ludwig Bystrom 0 0 0 0 0 3 3 2 0 1 0/0 21:09 3:00 3:00
Mathieu Joseph 0 0 0 0 0 2 3 0 0 0 0/0 16:43 3:02 0:00
Matthew Benning 0 0 0 0 2 0 0 2 0 1 0/0 20:53 3:00 2:59
Michael McLeod 0 0 0 0 0 2 2 0 1 1 3/5 11:25 0:08 1:27
Mirco Mueller 0 1 1 -1 0 2 2 3 0 0 0/0 27:09 4:32 3:30
Nathan Walker 1 0 1 -1 0 7 2 2 1 1 4/10 22:55 4:22 3:16
Nelson Nogier 0 0 0 -1 4 0 0 1 0 2 0/0 12:14 0:00 0:14
Nikolay Goldobin 0 0 0 0 0 1 1 0 0 0 0/0 11:48 0:08 1:49
Roman Josi 0 1 1 -1 2 4 1 4 0 2 0/0 23:51 4:32 2:23
Roope Hintz 0 1 1 -1 0 2 4 0 0 0 3/4 22:49 4:22 3:20
William Bitten 0 0 0 -1 0 1 0 0 0 0 0/0 7:05 0:00 0:00
3 Stars
1 - William Carrier (S.J)
2 - Noah Gregor (S.J)
3 - Emil Pettersson (S.J)
Power Play
Barracuda - 2 on 5 Attempt(s) - 40.00%
Moose - 2 on 6 Attempt(s) - 33.33%
Penalty Kill
Barracuda - 4 on 6 Attempt(s) - 66.67%
- Score 0 goal in Penalty Kill
Moose - 3 on 5 Attempt(s) - 60.00%
- Score 0 goal in Penalty Kill
Team Stat
Barracuda - Hits : 23 - Faceoff Wins : 28 - Blocked Shots : 7 - Penalty Minutes : 12
Moose - Hits : 22 - Faceoff Wins : 28 - Blocked Shots : 15 - Penalty Minutes : 10
Official
Referees : Francis Charron and Marc Joannette
Linesman : David Brisebois and Vaughan Rody
Game Notes
No Game Note
Finance
Level 1 -- Attendance: 1790 (89.50%) -- Ticket Income $62,650
Level 2 -- Attendance: 1000 (100.00%) -- Ticket Income $15,000
Total Attendance: 2790 (93.00%)
Total Ticket Income: $77,650
Other Income: $3,882
Total Income: $81,532
Barracuda
5 vs 5 Forward
Center Left Wing Right Wing Time % Phy DF OF
1 Emil Pettersson William Carrier Brandon Kozun 40 1 2 2
2 Theodor Blueger Cole Ully Justin Shugg 30 1 2 2
3 Kyle Platzer Alex Henriksson Chris Wagner 20 1 2 2
4 Noah Gregor Drew O'Connor Mario Lucia 10 1 2 2
5 vs 5 Defense
Defense Defense Time % Phy DF OF
1 Eric Gustafsson Samuel Groulx 40 1 2 2
2 Robin Norell Logan Stanley 30 1 2 2
3 Jerome Gauthier-Leduc Jordan Gross 20 1 2 2
4 Eric Gustafsson Samuel Groulx 10 1 2 2
PowerPlay Forward
Center Left Wing Right Wing Time % Phy DF OF
1 Emil Pettersson William Carrier Brandon Kozun 60 1 2 2
2 Theodor Blueger Cole Ully Justin Shugg 40 1 2 2
PowerPlay Defense
Defense Defense Time % Phy DF OF
1 Eric Gustafsson Samuel Groulx 60 1 2 2
2 Robin Norell Logan Stanley 40 1 2 2
Penalty Kill 4 Players Forward
Center Wing Time % Phy DF OF
1 Emil Pettersson William Carrier 60 1 2 2
2 Theodor Blueger Cole Ully 40 1 2 2
Penalty Kill 4 Players Defense
Defense Defense Time % Phy DF OF
1 Eric Gustafsson Samuel Groulx 60 1 2 2
2 Robin Norell Logan Stanley 40 1 2 2
Penalty Kill - 3 Players Forward
Forward Time % Phy DF OF
1 Emil Pettersson 60 1 2 2
2 Theodor Blueger 40 1 2 2
Penalty Kill - 3 Players Defense
Defense Defense Time % Phy DF OF
1 Eric Gustafsson Samuel Groulx 60 1 2 2
2 Robin Norell Logan Stanley 40 1 2 2
4 vs 4 Forward
Center Wing Time % Phy DF OF
1 Emil Pettersson William Carrier 60 1 2 2
2 Theodor Blueger Cole Ully 40 1 2 2
4 vs 4 Defense
Defense Defense Time % Phy DF OF
1 Eric Gustafsson Samuel Groulx 60 1 2 2
2 Robin Norell Logan Stanley 40 1 2 2
Last Minutes Offensive
Center Left Wing Right Wing Defense Defense
Emil Pettersson William Carrier Brandon Kozun Eric Gustafsson Samuel Groulx
Last Minutes Defensive
Center Left Wing Right Wing Defense Defense
Emil Pettersson William Carrier Brandon Kozun Eric Gustafsson Samuel Groulx
Goaltenders
Starting : Joacim Eriksson
Backup : Oscar Dansk
Extra Forwards
Normal : Cole Ully, Theodor Blueger, Chris Wagner - PP : Cole Ully, Theodor Blueger - PK : Cole Ully
Extra Defensemen
Normal : Logan Stanley, Jerome Gauthier-Leduc, Jordan Gross - PP : Logan Stanley - PK : Logan Stanley, Jerome Gauthier-Leduc
Penalty Shots
Brandon Kozun, William Carrier, Emil Pettersson, Justin Shugg, Cole Ully
Scratches
Alex Lintuniemi (Healthy), Aleksi Heponiemi (Healthy), Ben Jones (Healthy), Jacob Peterson (Healthy), Scott Reedy (Healthy)
Jaedon Descheneau (Healthy), Gustav Lindstrom (Healthy), Thomas Gobeil (Healthy), Dennis Cholowski (Healthy), Alexei Toropchenko (Healthy)
Kevin Lankinen (Healthy)
Moose
5 vs 5 Forward
Center Left Wing Right Wing Time % Phy DF OF
1 Dylan Strome Roope Hintz Nathan Walker 40 1 2 2
2 Dominik Kahun Christian Dvorak Mathieu Joseph 30 1 2 2
3 Michael McLeod Nikolay Goldobin Julien Gauthier 20 1 2 2
4 Chase De Leo C.J. Smith William Bitten 10 1 2 2
5 vs 5 Defense
Defense Defense Time % Phy DF OF
1 Mirco Mueller Roman Josi 40 1 2 2
2 Ludwig Bystrom Matthew Benning 30 1 2 2
3 Nelson Nogier Josh Mahura 20 1 2 2
4 Josh Mahura Mirco Mueller 10 1 2 2
PowerPlay Forward
Center Left Wing Right Wing Time % Phy DF OF
1 Dylan Strome Roope Hintz Nathan Walker 60 1 2 2
2 Dominik Kahun Christian Dvorak Mathieu Joseph 40 1 2 2
PowerPlay Defense
Defense Defense Time % Phy DF OF
1 Mirco Mueller Roman Josi 60 1 2 2
2 Ludwig Bystrom Matthew Benning 40 1 2 2
Penalty Kill 4 Players Forward
Center Wing Time % Phy DF OF
1 Nathan Walker Roope Hintz 60 1 2 2
2 Christian Dvorak Nikolay Goldobin 40 1 2 2
Penalty Kill 4 Players Defense
Defense Defense Time % Phy DF OF
1 Mirco Mueller Roman Josi 60 1 2 2
2 Ludwig Bystrom Matthew Benning 40 1 2 2
Penalty Kill - 3 Players Forward
Forward Time % Phy DF OF
1 Nathan Walker 60 1 2 2
2 Roope Hintz 40 1 2 2
Penalty Kill - 3 Players Defense
Defense Defense Time % Phy DF OF
1 Mirco Mueller Roman Josi 60 1 2 2
2 Ludwig Bystrom Matthew Benning 40 1 2 2
4 vs 4 Forward
Center Wing Time % Phy DF OF
1 Nathan Walker Roope Hintz 60 1 2 2
2 Christian Dvorak Nikolay Goldobin 40 1 2 2
4 vs 4 Defense
Defense Defense Time % Phy DF OF
1 Mirco Mueller Roman Josi 60 1 2 2
2 Ludwig Bystrom Matthew Benning 40 1 2 2
Last Minutes Offensive
Center Left Wing Right Wing Defense Defense
Dominik Kahun Roope Hintz Nathan Walker Mirco Mueller Roman Josi
Last Minutes Defensive
Center Left Wing Right Wing Defense Defense
Dominik Kahun Roope Hintz Nathan Walker Mirco Mueller Roman Josi
Goaltenders
Starting : Brandon Halverson
Backup : Filip Gustavsson
Extra Forwards
Normal : Roope Hintz, Christian Dvorak, Nathan Walker - PP : Nikolay Goldobin, Michael McLeod - PK : Michael McLeod
Extra Defensemen
Normal : Nelson Nogier, Roman Josi, Josh Mahura - PP : Nelson Nogier - PK : Roman Josi, Josh Mahura
Penalty Shots
Nathan Walker, Roope Hintz, Christian Dvorak, Nikolay Goldobin, Dominik Kahun
Scratches
Jake Leschyshyn (Healthy), Erik Cernak (Sports Hernia Injury), Juuso Valimaki (Back Surgery Injury), Urho Vaakanainen (Healthy), Mitchell Stephens (Healthy)
Jonathan Kovacevic (Healthy), Boris Katchouk (Healthy), Jonah Gadjovich (Healthy), Max Jones (Healthy), Nathan Bastian (Healthy)
Tim Gettinger (Healthy), Joey Daccord (Healthy), Karel Vejmelka (Healthy), Daniel Vladar (Healthy)
% Time on Ice - Barracuda
Lines # - Real PCT - Wanted PCT - Time Play
Normal Forward
1 - 32% - 40% - 14:51
2 - 29% - 30% - 13:10
3 - 21% - 20% - 9:32
4 - 18% - 10% - 8:21
Normal Defense
1 - 39% - 40% - 17:50
2 - 33% - 30% - 15:05
3 - 26% - 20% - 11:48
4 - 3% - 10% - 1:11
PP Forward
1 - 56% - 60% - 3:42
2 - 44% - 40% - 2:52
PP Defense
1 - 70% - 60% - 4:37
2 - 30% - 40% - 1:57
PK Forward
1 - 77% - 60% - 5:48
2 - 23% - 40% - 1:44
PK Defense
1 - 66% - 60% - 5:00
2 - 34% - 40% - 2:32
PK3 Forward
1 - 0% - 60%
2 - 0% - 40%
PK3 Defense
1 - 0% - 60%
2 - 0% - 40%
44 Forward
1 - 0% - 60%
2 - 0% - 40%
44 Defense
1 - 0% - 60%
2 - 0% - 40%
Last Minute Offensive - 0:00
Last Minute Defensive - 0:00
Total
Forward - 60:00
Defense - 60:00
|
% Time on Ice - Moose
Lines # - Real PCT - Wanted PCT - Time Play
Normal Forward
1 - 34% - 40% - 15:30
2 - 30% - 30% - 13:41
3 - 21% - 20% - 9:38
4 - 15% - 10% - 7:05
Normal Defense
1 - 37% - 40% - 16:57
2 - 32% - 30% - 14:55
3 - 25% - 20% - 11:38
4 - 5% - 10% - 2:24
PP Forward
1 - 60% - 60% - 4:30
2 - 40% - 40% - 3:02
PP Defense
1 - 60% - 60% - 4:32
2 - 40% - 40% - 3:00
PK Forward
1 - 83% - 60% - 5:28
2 - 17% - 40% - 1:06
PK Defense
1 - 61% - 60% - 4:02
2 - 39% - 40% - 2:32
PK3 Forward
1 - 0% - 60%
2 - 0% - 40%
PK3 Defense
1 - 0% - 60%
2 - 0% - 40%
44 Forward
1 - 0% - 60%
2 - 0% - 40%
44 Defense
1 - 0% - 60%
2 - 0% - 40%
Last Minute Offensive - 0:00
Last Minute Defensive - 0:00
Total
Forward - 60:00
Defense - 60:00
|
Play-by-Play
1st period
0:01 of 1st period - Dylan Strome wins face-off versus Emil Pettersson in neutral zone.
0:06 of 1st period - Snap shot by Roope Hintz.
0:06 of 1st period - Stopped by Joacim Eriksson with a rebound.
0:23 of 1st period - Icing by Nathan Walker.
0:24 of 1st period - Cole Ully wins face-off versus Dylan Strome in Moose zone.
0:25 of 1st period - Wrist shot by Theodor Blueger.
0:25 of 1st period - Shot Blocked by Roman Josi.
0:27 of 1st period - Slapshot by Robin Norell.
0:27 of 1st period - Shot Blocked by Mirco Mueller.
0:29 of 1st period - Slapshot by Logan Stanley.
0:29 of 1st period - Deflect By Mirco Mueller.
0:29 of 1st period - Stopped by Brandon Halverson with a rebound.
0:49 of 1st period - Roman Josi is hit by Drew O'Connor.
0:55 of 1st period - Slapshot by Noah Gregor.
0:55 of 1st period - Stopped by Brandon Halverson with a rebound.
1:08 of 1st period - Icing by Nathan Walker.
1:09 of 1st period - Dylan Strome wins face-off versus Theodor Blueger in Moose zone.
1:34 of 1st period - Emil Pettersson is hit by Michael McLeod and loses puck.
1:49 of 1st period - Julien Gauthier is hit by Brandon Kozun and loses puck.
2:15 of 1st period - Snap shot by Nikolay Goldobin.
2:15 of 1st period - Shot Misses the Net.
2:17 of 1st period - Slapshot by Mirco Mueller.
2:17 of 1st period - Deflect By Eric Gustafsson.
2:17 of 1st period - Stopped by Joacim Eriksson with a rebound.
2:19 of 1st period - Wrist shot by Roman Josi.
2:19 of 1st period - Stopped by Joacim Eriksson without a rebound.
2:20 of 1st period - Theodor Blueger wins face-off versus Dominik Kahun in Barracuda zone.
4:44 of 1st period - Nelson Nogier is hit by Brandon Kozun and loses puck.
5:02 of 1st period - Slapshot by Michael McLeod.
5:02 of 1st period - Shot Misses the Net.
5:04 of 1st period - Wrist shot by Ludwig Bystrom.
5:04 of 1st period - Stopped by Joacim Eriksson without a rebound.
5:05 of 1st period - Theodor Blueger wins face-off versus Dylan Strome in Barracuda zone.
5:05 of 1st period - Theodor Blueger is hit by Roope Hintz.
5:39 of 1st period - Wrist shot by William Carrier.
5:39 of 1st period - Stopped by Brandon Halverson without a rebound.
5:40 of 1st period - Dominik Kahun wins face-off versus Brandon Kozun in Moose zone.
5:47 of 1st period - Wrist shot by Dominik Kahun.
5:47 of 1st period - Stopped by Joacim Eriksson with a rebound.
5:49 of 1st period - Snap shot by Dominik Kahun.
5:49 of 1st period - Shot Misses the Net.
6:05 of 1st period - Mirco Mueller is hit by Justin Shugg and loses puck.
6:12 of 1st period - Wrist shot by Cole Ully.
6:12 of 1st period - Stopped by Brandon Halverson with a rebound.
6:38 of 1st period - Jordan Gross is hit by Ludwig Bystrom and loses puck.
6:56 of 1st period - Icing by Chris Wagner.
6:57 of 1st period - Dominik Kahun wins face-off versus Kyle Platzer in Barracuda zone.
7:04 of 1st period - Snap shot by Mathieu Joseph.
7:04 of 1st period - Stopped by Joacim Eriksson with a rebound.
7:27 of 1st period - Snap shot by Alex Henriksson.
7:27 of 1st period - Deflect By Kyle Platzer.
7:27 of 1st period - Shot Misses the Net.
7:27 of 1st period - Puck is out of play.
7:28 of 1st period - Dylan Strome wins face-off versus Emil Pettersson in Moose zone.
7:41 of 1st period - Backhand shot by Roope Hintz.
7:41 of 1st period - Shot Misses the Net.
7:52 of 1st period - Icing by Nathan Walker.
7:53 of 1st period - Theodor Blueger wins face-off versus Michael McLeod in Moose zone.
8:24 of 1st period - Wrist shot by Brandon Kozun.
8:24 of 1st period - Deflect By Emil Pettersson.
8:24 of 1st period - Deflect By Nathan Walker.
8:24 of 1st period - Stopped by Brandon Halverson with a rebound.
8:26 of 1st period - Slapshot by William Carrier.
8:26 of 1st period - Deflect By Emil Pettersson.
8:26 of 1st period - Stopped by Brandon Halverson with a rebound.
8:38 of 1st period - Mathieu Joseph is hit by Noah Gregor and loses puck.
9:19 of 1st period - Justin Shugg is hit by Julien Gauthier and loses puck.
9:45 of 1st period - Emil Pettersson is hit by Roope Hintz and loses puck.
10:24 of 1st period - Josh Mahura is hit by Logan Stanley and loses puck.
10:31 of 1st period - Snap shot by Kyle Platzer.
10:31 of 1st period - Deflect By Chris Wagner.
10:31 of 1st period - Stopped by Brandon Halverson without a rebound.
10:32 of 1st period - Dylan Strome wins face-off versus Emil Pettersson in Moose zone.
10:32 of 1st period - Dylan Strome is hit by Eric Gustafsson.
11:05 of 1st period - Slapshot by Theodor Blueger.
11:05 of 1st period - Stopped by Brandon Halverson without a rebound.
11:06 of 1st period - Emil Pettersson wins face-off versus Nathan Walker in Moose zone.
11:47 of 1st period - Minor Penalty to Jordan Gross for Tripping.
11:48 of 1st period - Dylan Strome wins face-off versus Emil Pettersson in Barracuda zone.
11:49 of 1st period - Snap shot by Nathan Walker.
11:49 of 1st period - Shot Misses the Net.
11:51 of 1st period - Backhand shot by Nathan Walker.
11:51 of 1st period - Stopped by Joacim Eriksson with a rebound.
11:53 of 1st period - Slapshot by Mirco Mueller.
11:53 of 1st period - Stopped by Joacim Eriksson without a rebound.
11:54 of 1st period - Dylan Strome wins face-off versus Emil Pettersson in Barracuda zone.
12:29 of 1st period - Slapshot by Dominik Kahun.
12:29 of 1st period - Stopped by Joacim Eriksson with a rebound.
12:31 of 1st period - Snap shot by Dominik Kahun.
12:31 of 1st period - Shot Misses the Net.
13:47 of 1st period - Penalty to Jordan Gross is over, Jordan Gross is back on ice.
14:02 of 1st period - Minor Penalty to Nelson Nogier for Hooking.
14:03 of 1st period - Nathan Walker wins face-off versus Emil Pettersson in Moose zone.
14:03 of 1st period - Nathan Walker is hit by Brandon Kozun.
14:14 of 1st period - Wrist shot by Emil Pettersson.
14:14 of 1st period - Shot Blocked by Matthew Benning.
15:18 of 1st period - Roope Hintz is hit by Justin Shugg and loses puck.
16:02 of 1st period - Penalty to Nelson Nogier is over, Nelson Nogier is back on ice.
16:19 of 1st period - Slapshot by Mario Lucia.
16:19 of 1st period - Stopped by Brandon Halverson without a rebound.
16:20 of 1st period - Chase De Leo wins face-off versus Mario Lucia in Moose zone.
16:20 of 1st period - Chase De Leo is hit by Noah Gregor.
16:37 of 1st period - Minor Penalty to Jordan Gross for Hooking.
16:38 of 1st period - Emil Pettersson wins face-off versus Dylan Strome in Barracuda zone.
16:52 of 1st period - Wrist shot by Nathan Walker.
16:52 of 1st period - Goal by Nathan Walker - Barracuda : 0 - Moose : 1.
16:53 of 1st period - Dylan Strome wins face-off versus Emil Pettersson in neutral zone.
16:56 of 1st period - Slapshot by Nathan Walker.
16:56 of 1st period - Stopped by Joacim Eriksson with a rebound.
17:53 of 1st period - Snap shot by Alex Henriksson.
17:53 of 1st period - Shot Misses the Net.
17:55 of 1st period - Wrist shot by Alex Henriksson.
17:55 of 1st period - Stopped by Brandon Halverson without a rebound.
17:56 of 1st period - Emil Pettersson wins face-off versus Roope Hintz in Moose zone.
18:03 of 1st period - Nathan Walker is hit by Robin Norell and loses puck.
18:09 of 1st period - Off-side.
18:10 of 1st period - Dylan Strome wins face-off versus Emil Pettersson in neutral zone.
18:12 of 1st period - Off-side.
18:13 of 1st period - Dylan Strome wins face-off versus Emil Pettersson in neutral zone.
18:18 of 1st period - Wrist shot by Emil Pettersson.
18:18 of 1st period - Shot Blocked by Mirco Mueller.
18:50 of 1st period - Snap shot by Theodor Blueger.
18:50 of 1st period - Deflect By Christian Dvorak.
18:50 of 1st period - Stopped by Brandon Halverson without a rebound.
18:51 of 1st period - Dylan Strome wins face-off versus Kyle Platzer in Moose zone.
19:12 of 1st period - Minor Penalty to Matthew Benning for Tripping.
19:13 of 1st period - Emil Pettersson wins face-off versus Nathan Walker in Moose zone.
19:14 of 1st period - Snap shot by William Carrier.
19:14 of 1st period - Goal by William Carrier - Barracuda : 1 - Moose : 1.
19:15 of 1st period - Emil Pettersson wins face-off versus Dylan Strome in neutral zone.
19:47 of 1st period - Backhand shot by Roman Josi.
19:47 of 1st period - Stopped by Joacim Eriksson with a rebound.
19:49 of 1st period - Snap shot by Christian Dvorak.
19:49 of 1st period - Shot Misses the Net.
19:51 of 1st period - Wrist shot by Christian Dvorak.
19:51 of 1st period - Deflect By Justin Shugg.
19:51 of 1st period - Stopped by Joacim Eriksson with a rebound.
19:53 of 1st period - Slapshot by Roman Josi.
19:53 of 1st period - Stopped by Joacim Eriksson with a rebound.
Goals for this period are 1 for Barracuda vs 1 for Moose.
Shots for this period are 12 for Barracuda vs 14 for Moose.
2nd period
0:01 of 2nd period - Nathan Walker wins face-off versus Emil Pettersson in neutral zone.
0:04 of 2nd period - Backhand shot by Roman Josi.
0:04 of 2nd period - Stopped by Joacim Eriksson without a rebound.
0:05 of 2nd period - Roope Hintz wins face-off versus Emil Pettersson in Barracuda zone.
0:10 of 2nd period - Wrist shot by Roope Hintz.
0:10 of 2nd period - Stopped by Joacim Eriksson with a rebound.
0:58 of 2nd period - Slapshot by Eric Gustafsson.
0:58 of 2nd period - Stopped by Brandon Halverson with a rebound.
1:16 of 2nd period - Slapshot by Samuel Groulx.
1:16 of 2nd period - Deflect By Matthew Benning.
1:16 of 2nd period - Stopped by Brandon Halverson without a rebound.
1:17 of 2nd period - Noah Gregor wins face-off versus Chase De Leo in Moose zone.
1:26 of 2nd period - Snap shot by Noah Gregor.
1:26 of 2nd period - Goal by Noah Gregor - Barracuda : 2 - Moose : 1.
1:27 of 2nd period - Dylan Strome wins face-off versus Emil Pettersson in neutral zone.
1:30 of 2nd period - Wrist shot by Nathan Walker.
1:30 of 2nd period - Shot Misses the Net.
1:32 of 2nd period - Backhand shot by Dylan Strome.
1:32 of 2nd period - Shot Misses the Net.
1:34 of 2nd period - Snap shot by Nathan Walker.
1:34 of 2nd period - Shot Misses the Net.
1:36 of 2nd period - Snap shot by Josh Mahura.
1:36 of 2nd period - Shot Misses the Net.
1:38 of 2nd period - Wrist shot by Dylan Strome.
1:38 of 2nd period - Shot Blocked by Brandon Kozun.
1:40 of 2nd period - Snap shot by Mirco Mueller.
1:40 of 2nd period - Shot Misses the Net.
1:42 of 2nd period - Backhand shot by Nathan Walker.
1:42 of 2nd period - Stopped by Joacim Eriksson without a rebound.
1:43 of 2nd period - Theodor Blueger wins face-off versus Dominik Kahun in Barracuda zone.
1:43 of 2nd period - Theodor Blueger is hit by Mathieu Joseph.
1:50 of 2nd period - Eric Gustafsson is hit by Roman Josi and loses puck.
1:53 of 2nd period - Slapshot by Samuel Groulx.
1:53 of 2nd period - Stopped by Brandon Halverson without a rebound.
1:54 of 2nd period - Emil Pettersson wins face-off versus Dylan Strome in Moose zone.
2:38 of 2nd period - Mirco Mueller is hit by Drew O'Connor and loses puck.
2:47 of 2nd period - Snap shot by Mario Lucia.
2:47 of 2nd period - Shot Misses the Net.
3:31 of 2nd period - Slapshot by Mathieu Joseph.
3:31 of 2nd period - Deflect By Dominik Kahun.
3:31 of 2nd period - Stopped by Joacim Eriksson with a rebound.
3:33 of 2nd period - Slapshot by Mirco Mueller.
3:33 of 2nd period - Deflect By Christian Dvorak.
3:33 of 2nd period - Shot Blocked by Cole Ully.
3:33 of 2nd period - Puck is out of play.
3:34 of 2nd period - Dylan Strome wins face-off versus Justin Shugg in Barracuda zone.
3:35 of 2nd period - Wrist shot by Nathan Walker.
3:35 of 2nd period - Shot Misses the Net.
3:37 of 2nd period - Slapshot by Matthew Benning.
3:37 of 2nd period - Shot Misses the Net.
3:49 of 2nd period - Slapshot by Nathan Walker.
3:49 of 2nd period - Stopped by Joacim Eriksson without a rebound.
3:50 of 2nd period - Michael McLeod wins face-off versus Emil Pettersson in Barracuda zone.
3:51 of 2nd period - Wrist shot by Nikolay Goldobin.
3:51 of 2nd period - Stopped by Joacim Eriksson with a rebound.
3:53 of 2nd period - Slapshot by Ludwig Bystrom.
3:53 of 2nd period - Stopped by Joacim Eriksson with a rebound.
3:55 of 2nd period - Wrist shot by Michael McLeod.
3:55 of 2nd period - Shot Blocked by Samuel Groulx.
3:57 of 2nd period - Slapshot by Ludwig Bystrom.
3:57 of 2nd period - Deflect By Eric Gustafsson.
3:57 of 2nd period - Stopped by Joacim Eriksson without a rebound.
3:58 of 2nd period - Emil Pettersson wins face-off versus Michael McLeod in Barracuda zone.
4:36 of 2nd period - Slapshot by Michael McLeod.
4:36 of 2nd period - Stopped by Joacim Eriksson without a rebound.
4:37 of 2nd period - Theodor Blueger wins face-off versus Nathan Walker in Barracuda zone.
4:48 of 2nd period - Snap shot by Cole Ully.
4:48 of 2nd period - Stopped by Brandon Halverson with a rebound.
4:50 of 2nd period - Slapshot by Jerome Gauthier-Leduc.
4:50 of 2nd period - Shot Blocked by Roman Josi.
4:52 of 2nd period - Wrist shot by Jerome Gauthier-Leduc.
4:52 of 2nd period - Shot Misses the Net.
5:04 of 2nd period - Slapshot by Kyle Platzer.
5:04 of 2nd period - Shot Misses the Net.
5:06 of 2nd period - Slapshot by Logan Stanley.
5:06 of 2nd period - Shot Blocked by Christian Dvorak.
5:08 of 2nd period - Slapshot by Logan Stanley.
5:08 of 2nd period - Shot Blocked by Roman Josi.
5:26 of 2nd period - Slapshot by Mirco Mueller.
5:26 of 2nd period - Shot Blocked by Logan Stanley.
5:28 of 2nd period - Snap shot by Mirco Mueller.
5:28 of 2nd period - Shot Misses the Net.
6:04 of 2nd period - Robin Norell is hit by Nathan Walker.
6:26 of 2nd period - Slapshot by Kyle Platzer.
6:26 of 2nd period - Shot Misses the Net.
7:13 of 2nd period - Wrist shot by Christian Dvorak.
7:13 of 2nd period - Stopped by Joacim Eriksson without a rebound.
7:14 of 2nd period - William Carrier wins face-off versus Dylan Strome in Barracuda zone.
7:14 of 2nd period - William Carrier is hit by Roope Hintz.
7:26 of 2nd period - Slapshot by William Carrier.
7:26 of 2nd period - Goal by William Carrier - Barracuda : 3 - Moose : 1.
7:27 of 2nd period - Dylan Strome wins face-off versus Emil Pettersson in neutral zone.
7:29 of 2nd period - Minor Penalty to Dylan Strome for Hooking.
7:30 of 2nd period - Emil Pettersson wins face-off versus Nathan Walker in Moose zone.
7:42 of 2nd period - Backhand shot by Emil Pettersson.
7:42 of 2nd period - Stopped by Brandon Halverson with a rebound.
7:44 of 2nd period - Slapshot by Samuel Groulx.
7:44 of 2nd period - Shot Blocked by Mirco Mueller.
7:46 of 2nd period - Slapshot by Brandon Kozun.
7:46 of 2nd period - Shot Blocked by Nathan Walker.
7:56 of 2nd period - Nathan Walker is hit by Theodor Blueger.
9:29 of 2nd period - Penalty to Dylan Strome is over, Dylan Strome is back on ice.
9:54 of 2nd period - Backhand shot by Chris Wagner.
9:54 of 2nd period - Stopped by Brandon Halverson with a rebound.
9:58 of 2nd period - Wrist shot by Alex Henriksson.
9:58 of 2nd period - Shot Misses the Net.
10:08 of 2nd period - Slapshot by Chase De Leo.
10:08 of 2nd period - Stopped by Joacim Eriksson with a rebound.
10:16 of 2nd period - Snap shot by C.J. Smith.
10:16 of 2nd period - Shot Blocked by Noah Gregor.
10:51 of 2nd period - Alex Henriksson is hit by Mathieu Joseph and loses puck.
11:11 of 2nd period - Theodor Blueger is hit by Ludwig Bystrom.
11:21 of 2nd period - Brandon Kozun is hit by Roope Hintz and loses puck.
11:47 of 2nd period - Logan Stanley is hit by Nikolay Goldobin and loses puck.
12:10 of 2nd period - Minor Penalty to Logan Stanley for Tripping.
12:11 of 2nd period - Emil Pettersson wins face-off versus Dylan Strome in Barracuda zone.
12:25 of 2nd period - Wrist shot by Emil Pettersson.
12:25 of 2nd period - Shot Blocked by Nathan Walker.
12:47 of 2nd period - Snap shot by Christian Dvorak.
12:47 of 2nd period - Goal by Christian Dvorak - Barracuda : 3 - Moose : 2.
12:48 of 2nd period - Dylan Strome wins face-off versus Emil Pettersson in neutral zone.
13:20 of 2nd period - Wrist shot by Theodor Blueger.
13:20 of 2nd period - Stopped by Brandon Halverson without a rebound.
13:21 of 2nd period - Roope Hintz wins face-off versus Justin Shugg in Moose zone.
14:13 of 2nd period - Chris Wagner is hit by C.J. Smith and loses puck.
14:52 of 2nd period - Snap shot by Theodor Blueger.
14:52 of 2nd period - Shot Misses the Net.
17:00 of 2nd period - Wrist shot by William Bitten.
17:00 of 2nd period - Stopped by Joacim Eriksson with a rebound.
17:02 of 2nd period - Minor Penalty to Jordan Gross for Close Hand On Puck.
17:03 of 2nd period - Emil Pettersson wins face-off versus Dylan Strome in Barracuda zone.
17:18 of 2nd period - Slapshot by Dylan Strome.
17:18 of 2nd period - Shot Blocked by Samuel Groulx.
17:37 of 2nd period - Snap shot by Mathieu Joseph.
17:37 of 2nd period - Stopped by Joacim Eriksson with a rebound.
17:51 of 2nd period - Roope Hintz is hit by William Carrier and loses puck.
19:02 of 2nd period - Penalty to Jordan Gross is over, Jordan Gross is back on ice.
19:10 of 2nd period - Off-side.
19:11 of 2nd period - Michael McLeod wins face-off versus Noah Gregor in neutral zone.
19:26 of 2nd period - Off-side.
19:27 of 2nd period - Emil Pettersson wins face-off versus Dominik Kahun in neutral zone.
Goals for this period are 2 for Barracuda vs 1 for Moose.
Shots for this period are 9 for Barracuda vs 14 for Moose.
3rd period
0:01 of 3rd period - Emil Pettersson wins face-off versus Dylan Strome in neutral zone.
0:16 of 3rd period - Wrist shot by Dylan Strome.
0:16 of 3rd period - Deflect By Nathan Walker.
0:16 of 3rd period - Shot Blocked by Eric Gustafsson.
0:16 of 3rd period - Puck is out of play.
0:17 of 3rd period - Theodor Blueger wins face-off versus Dominik Kahun in Barracuda zone.
0:22 of 3rd period - Slapshot by Cole Ully.
0:22 of 3rd period - Shot Misses the Net.
0:42 of 3rd period - Nathan Walker is hit by Eric Gustafsson and loses puck.
1:03 of 3rd period - Snap shot by Dylan Strome.
1:03 of 3rd period - Shot Misses the Net.
2:13 of 3rd period - Snap shot by Brandon Kozun.
2:13 of 3rd period - Stopped by Brandon Halverson with a rebound.
2:15 of 3rd period - Minor Penalty to Nelson Nogier for Hooking.
2:16 of 3rd period - Nathan Walker wins face-off versus Emil Pettersson in Moose zone.
2:16 of 3rd period - Nathan Walker is hit by Emil Pettersson.
2:42 of 3rd period - Icing by Justin Shugg.
2:43 of 3rd period - Theodor Blueger wins face-off versus Nathan Walker in Barracuda zone.
2:50 of 3rd period - Wrist shot by Justin Shugg.
2:50 of 3rd period - Goal by Justin Shugg - Barracuda : 4 - Moose : 2.
2:51 of 3rd period - Brandon Kozun wins face-off versus Dylan Strome in neutral zone.
3:05 of 3rd period - Roman Josi is hit by William Carrier and loses puck.
3:16 of 3rd period - Theodor Blueger is hit by Dominik Kahun and loses puck.
3:39 of 3rd period - Snap shot by Mario Lucia.
3:39 of 3rd period - Shot Blocked by Roman Josi.
3:41 of 3rd period - Backhand shot by Logan Stanley.
3:41 of 3rd period - Stopped by Brandon Halverson without a rebound.
3:42 of 3rd period - Noah Gregor wins face-off versus Dylan Strome in Moose zone.
4:18 of 3rd period - Snap shot by Brandon Kozun.
4:18 of 3rd period - Stopped by Brandon Halverson with a rebound.
4:51 of 3rd period - Wrist shot by Noah Gregor.
4:51 of 3rd period - Stopped by Brandon Halverson without a rebound.
4:52 of 3rd period - Drew O'Connor wins face-off versus Dylan Strome in Moose zone.
5:21 of 3rd period - Ludwig Bystrom is hit by Samuel Groulx and loses puck.
5:45 of 3rd period - Michael McLeod is hit by Cole Ully.
5:59 of 3rd period - Chase De Leo is hit by Alex Henriksson.
6:10 of 3rd period - Snap shot by Kyle Platzer.
6:10 of 3rd period - Shot Blocked by Nelson Nogier.
6:12 of 3rd period - Wrist shot by Chris Wagner.
6:12 of 3rd period - Stopped by Brandon Halverson with a rebound.
6:22 of 3rd period - Snap shot by Nathan Walker.
6:22 of 3rd period - Stopped by Joacim Eriksson without a rebound.
6:23 of 3rd period - Emil Pettersson wins face-off versus Dylan Strome in Barracuda zone.
6:42 of 3rd period - Mirco Mueller is hit by William Carrier and loses puck.
6:49 of 3rd period - Emil Pettersson is hit by Nathan Walker.
7:20 of 3rd period - Snap shot by Dylan Strome.
7:20 of 3rd period - Stopped by Joacim Eriksson with a rebound.
7:30 of 3rd period - Slapshot by Eric Gustafsson.
7:30 of 3rd period - Deflect By Dylan Strome.
7:30 of 3rd period - Stopped by Brandon Halverson with a rebound.
7:32 of 3rd period - Wrist shot by Brandon Kozun.
7:32 of 3rd period - Stopped by Brandon Halverson without a rebound.
7:33 of 3rd period - Theodor Blueger wins face-off versus Dominik Kahun in Moose zone.
8:00 of 3rd period - Chris Wagner is hit by Michael McLeod.
8:06 of 3rd period - Wrist shot by Chris Wagner.
8:06 of 3rd period - Stopped by Brandon Halverson with a rebound.
8:08 of 3rd period - Slapshot by Jerome Gauthier-Leduc.
8:08 of 3rd period - Shot Misses the Net.
8:18 of 3rd period - Snap shot by Mario Lucia.
8:18 of 3rd period - Shot Misses the Net.
8:20 of 3rd period - Backhand shot by Jordan Gross.
8:20 of 3rd period - Shot Blocked by Matthew Benning.
8:22 of 3rd period - Slapshot by Mario Lucia.
8:22 of 3rd period - Shot Blocked by Ludwig Bystrom.
8:24 of 3rd period - Snap shot by Drew O'Connor.
8:24 of 3rd period - Shot Misses the Net.
8:26 of 3rd period - Snap shot by Noah Gregor.
8:26 of 3rd period - Shot Blocked by Ludwig Bystrom.
8:28 of 3rd period - Snap shot by Mario Lucia.
8:28 of 3rd period - Stopped by Brandon Halverson with a rebound.
8:41 of 3rd period - Minor Penalty to Samuel Groulx for Hooking.
8:42 of 3rd period - Roope Hintz wins face-off versus Emil Pettersson in Barracuda zone.
9:06 of 3rd period - Emil Pettersson is hit by Mirco Mueller and loses puck.
10:41 of 3rd period - Penalty to Samuel Groulx is over, Samuel Groulx is back on ice.
11:01 of 3rd period - Wrist shot by Chase De Leo.
11:01 of 3rd period - Shot Misses the Net.
11:25 of 3rd period - Snap shot by Cole Ully.
11:25 of 3rd period - Stopped by Brandon Halverson with a rebound.
11:27 of 3rd period - Wrist shot by Justin Shugg.
11:27 of 3rd period - Stopped by Brandon Halverson without a rebound.
11:28 of 3rd period - Nathan Walker wins face-off versus Theodor Blueger in Moose zone.
11:28 of 3rd period - Nathan Walker is hit by Logan Stanley.
11:31 of 3rd period - Minor Penalty to Roman Josi for Tripping.
11:32 of 3rd period - Emil Pettersson wins face-off versus Nathan Walker in Moose zone.
13:15 of 3rd period - Eric Gustafsson is hit by Mirco Mueller and loses puck.
13:31 of 3rd period - Penalty to Roman Josi is over, Roman Josi is back on ice.
13:44 of 3rd period - Wrist shot by Kyle Platzer.
13:44 of 3rd period - Deflect By Chris Wagner.
13:44 of 3rd period - Stopped by Brandon Halverson without a rebound.
13:45 of 3rd period - Michael McLeod wins face-off versus Kyle Platzer in Moose zone.
13:52 of 3rd period - Wrist shot by Michael McLeod.
13:52 of 3rd period - Stopped by Joacim Eriksson with a rebound.
13:54 of 3rd period - Wrist shot by Nikolay Goldobin.
13:54 of 3rd period - Shot Misses the Net.
14:21 of 3rd period - Theodor Blueger is hit by Chase De Leo and loses puck.
14:37 of 3rd period - Drew O'Connor is hit by Ludwig Bystrom and loses puck.
14:46 of 3rd period - Christian Dvorak is hit by Drew O'Connor and loses puck.
16:42 of 3rd period - Wrist shot by Drew O'Connor.
16:42 of 3rd period - Stopped by Brandon Halverson with a rebound.
17:33 of 3rd period - Wrist shot by Alex Henriksson.
17:33 of 3rd period - Shot Misses the Net.
18:18 of 3rd period - Jerome Gauthier-Leduc is hit by Mathieu Joseph and loses puck.
19:16 of 3rd period - Minor Penalty to Samuel Groulx for Hooking.
19:17 of 3rd period - Dylan Strome wins face-off versus Emil Pettersson in Barracuda zone.
19:25 of 3rd period - Snap shot by Nathan Walker.
19:25 of 3rd period - Stopped by Joacim Eriksson with a rebound.
Goals for this period are 1 for Barracuda vs 0 for Moose.
Shots for this period are 14 for Barracuda vs 4 for Moose.